 Dungeon Crawl Stone Soup version 0.26-a0-651-gb41185065b (webtiles) character file.

Game seed: 13580400701754546949

31431 Irenicus the Severer (level 13, -2/115 HPs)
             Began as a Deep Dwarf Berserker on Oct 1, 2020.
             Was a High Priest of Trog.
             Slain by an orc knight
             ... wielding a +0 great mace
              (23 damage)
             ... on level 2 of the Orcish Mines.
             The game lasted 01:03:36 (7307 turns).

Irenicus the Severer (Deep Dwarf Berserker)         Turns: 7307, Time: 01:03:37

Health: -2/115     AC: 28    Str: 23    XL:     13   Next: 25%
Magic:  4/4 (13)   EV:  9    Int:  7    God:    Trog [*****.]
Gold:   1148       SH:  0    Dex: 20    Spells: 12/12 levels left

rFire    x . .     SeeInvis .   I - +3 battleaxe (antimagic)
rCold    + . .     Faith    +   (shield currently unavailable)
rNeg     . . .     Spirit   .   R - +12 plate armour of Resonance {Rampage Stlth+}
rPois    .         Reflect  .   G - +1 helmet
rElec    .         Harm     .   K - scarf {repulsion}
rCorr    +         Rampage  +   x - +2 pair of gloves
MR       +++..                  (no boots)
Stlth    ..........             z - amulet of faith {Faith, !P}
HPRegen  1.00/turn              y - ring "Rutejida" {Ice Dex+4}
MPRegen  0.09/turn              m - ring of resist corrosion

@: berserk cooldown, very slightly contaminated, non-regenerating, repel
missiles
A: damage resistance, heal wounds, hooves 1, deformed body, sense surroundings
2, no regeneration
a: Heal Wounds, Berserk, Trog's Hand, Brothers in Arms, Renounce Religion


You were on level 2 of the Orcish Mines.
You worshipped Trog.
Trog was extremely pleased with you.
You visited 3 branches of the dungeon, and saw 16 of its levels.
You also visited: Ice Cave.

You collected 2018 gold pieces.
You spent 870 gold pieces at shops.

Inventory:

Hand Weapons
 f - a +1 battleaxe of freezing
   (You found it on level 9 of the Dungeon)
 i - a +0 war axe of venom
   (You found it on level 6 of the Dungeon)
 s - a +3 vorpal hand axe
   (You took it off an orc on level 6 of the Dungeon)
 I - a +3 antimagic battleaxe (weapon)
   (Trog gifted it to you on level 2 of the Orcish Mines)
 L - a +6 executioner's axe
   (Trog gifted it to you on level 10 of the Dungeon)
Armour
 d - a scarf of shadows
   (You found it on level 1 of the Dungeon)
 h - a +2 kite shield of positive energy
   (You took it off a gnoll sergeant on level 10 of the Dungeon)
 w - the +6 chain mail of Free Expression {Str+7}
   (You found it on level 6 of the Dungeon)

   It affects your strength (+7).
 x - a +2 pair of gloves (worn)
   (You found it on level 7 of the Dungeon)
 G - a +1 helmet (worn)
   (You found it on level 10 of the Dungeon)
 K - a scarf of repulsion (worn)
   (You found it on level 10 of the Dungeon)
 M - a +0 cloak of stealth
   (You took it off Maurice on level 2 of the Orcish Mines)
 R - the +12 plate armour of Resonance (worn) {Rampage Stlth+}
   (You bought it in a shop on level 1 of the Orcish Mines)

   It bestows one free step when moving towards enemies.
   It makes you more stealthy.
Jewellery
 m - a ring of resist corrosion (right hand)
   (You found it on level 3 of the Dungeon)
 n - an uncursed ring of magical power {MP+9}
   (You found it on level 6 of the Dungeon)
 t - a cursed amulet of inaccuracy {unknown}
   (You found it on level 12 of the Dungeon)
 v - an uncursed ring of ice {rC+, rF-}
   (You took it off Fannar on level 11 of the Dungeon)
 y - the ring "Rutejida" (left hand) {Ice Dex+4}
   (You took it off a centaur on level 7 of the Dungeon)

   [ring of ice]

   It enhances your ice magic.
   It affects your dexterity (+4).
   It makes you vulnerable to fire.
   It protects you from cold.
 z - an amulet of faith (around neck) {Faith, !P}
   (You found it on level 7 of the Dungeon)
Wands
 b - a wand of random effects (28)
   (You took it off Ijyb on level 3 of the Dungeon)
 u - a wand of paralysis (16)
   (You found it on level 5 of the Dungeon)
 A - a wand of iceblast (12)
   (You found it on level 8 of the Dungeon)
 F - a wand of enslavement (18)
   (You found it on level 9 of the Dungeon)
 N - a wand of acid (6)
   (You found it on level 12 of the Dungeon)
Scrolls
 e - a scroll of teleportation
 g - 3 scrolls of enchant armour
 j - 3 scrolls of enchant weapon
 k - 5 scrolls of remove curse
 q - a scroll of vulnerability {unknown}
 E - 2 scrolls of magic mapping {!r}
 H - 2 scrolls of torment {unknown}
 J - 2 scrolls of blinking {!r}
Potions
 a - 5 potions of might {unknown}
 c - a potion of magic {unknown}
 l - 7 potions of curing
 o - a potion of haste
 p - a potion of ambrosia {unknown}
 B - a potion of stabbing
 D - 4 potions of flight
 O - a potion of heal wounds
 P - a potion of resistance
 Q - a potion of lignification {!q}


   Skills:
 - Level 7.4 Fighting
 + Level 18.6 Axes
 * Level 12.4 Armour
 - Level 3.2 Dodging


You had 12 spell levels left.
You didn't know any spells.
Your spell library was empty.

Dungeon Overview and Level Annotations

Branches:
Dungeon (13/15)            Temple (1/1) D:7            Lair (0/6) D:9
    Orc (2/2) D:9             Elf (0/3) Orc:2         IceCv (visited)
 Vaults: D:13-14

Altars:
Dithmenos
Fedhas
Hepliaklqana
Trog
Vehumet
Xom
Yredelemnul
Beogh

Shops:
Orc:1 [*!   Orc:2 [

Portals:
Trove: D:11 (give 15 scrolls of teleportation)


Innate Abilities, Weirdness & Mutations

You are resistant to damage.
You can heal yourself by infusing magical energy.
You passively map the area around you.
You do not regenerate.
You have large cloven feet.
Armour fits poorly on your strangely shaped body.


Message History

You catch the helpless orc warrior completely off-guard!
You hit the orc warrior.
You kick the orc warrior, but do no damage.
The orc warrior is moderately wounded.
The orc warrior hits you but does no damage.
You catch the helpless orc warrior completely off-guard!
You slice the orc warrior!!
You kill the orc warrior!
Trog accepts your kill.
The orc knight shoots a bolt.
The bolt closely misses you.
An orc priest and an orc wizard come into view.
The orc priest shouts!
The orc wizard shouts!
The orc knight no longer looks unusually strong.
The orc knight shoots a bolt.
The bolt barely misses you.
An orc sorcerer comes into view. It is wielding a +0 dagger.
The orc priest moves out of view.
Things that are here:
a +0 war axe; a +0 plate armour You regained 2 hp, and now have 21/115 hp.
The orc wizard casts a spell at something.
You regained 2 hp, and now have 24/115 hp.
You flicker for a moment.
You regained 2 hp, and now have 27/115 hp.
You feel the effects of Trog's Hand fading.
You hit the orc knight but do no damage.
The orc knight is moderately wounded.
The orc knight unwields a +0 arbalest.
The orc knight wields a +2 battleaxe.
The orc knight hits you but does no damage.
You regained 2 hp, and now have 30/115 hp.
You closely miss the orc knight. You kick the orc knight.
The orc knight is moderately wounded.
You feel yourself speed up.
You feel much better.
The orc knight hits you but does no damage.
You regained 22 hp, and now have 53/115 hp.
You closely miss the orc knight.
You kick the orc knight, but do no damage.
The orc knight is moderately wounded.
The orc knight roars a battlecry!
The orcs go into a battle-frenzy!
You catch the helpless orc knight completely off-guard!
You hit the orc knight but do no damage.
Your kick misses the orc knight.
The orc knight is moderately wounded.
You flicker back into view.
You completely miss the orc knight. Your kick misses the orc knight.
The orc knight is moderately wounded.
Your skin stops crawling.
You feel less resistant to hostile enchantments.
The orc knight closely misses you.
The orc knight roars a battlecry!
The orc knight goes into a battle-frenzy!
You hear a shout!
You slice the orc knight!! You kick the orc knight.
The orc knight is severely wounded.
You hear a shout!
The orc knight hits you with a +2 battleaxe.
You hear a shout!
You take 5 damage, and have 49/115 hp.
You hit the orc knight.
You kick the orc knight, but do no damage.
The orc knight is moderately wounded.
You barely miss the orc knight.
You hear a shout!
The orc knight hits you with a +0 great mace!
You take 12 damage, and have 37/115 hp.
Your skin crawls.
You feel resistant to hostile enchantments.
The orc knight hits you with a +2 battleaxe!
* * * LOW HITPOINT WARNING * * *
You take 13 damage, and have 24/115 hp.
You hit the orc knight. Your kick misses the orc knight.
The orc knight is heavily wounded.
You slash the orc knight! The orc knight closely misses you.
The orc knight hits you but does no damage.
Evoke which item? (* to show all) (? for menu, Esc to quit)
Okay, then.
Okay, then.
Evoke which item? (* to show all) (? for menu, Esc to quit)
Okay, then.
You hit the orc knight but do no damage.
You kick the orc knight, but do no damage.
The orc knight is severely wounded.
You hit the orc knight.
The orc knight hits you with a +0 great mace.
* * * LOW HITPOINT WARNING * * *
You take 3 damage, and have 22/115 hp.
You hit the orc knight. Your kick misses the orc knight.
The orc knight is almost dead.
You hit the orc knight.
The orc knight hits you with a +2 battleaxe.
* * * LOW HITPOINT WARNING * * *
The orc wizard casts a spell.
The orc wizard blinks!
You take 1 damage, and have 21/115 hp.
You hit the orc knight. You kick the orc knight.
The orc knight is almost dead.
You completely miss the orc knight.
The orc knight hits you with a +0 great mace!!
You die...

...# #.#).....#.# , , ,* ...#
#)##.....#.# * * ...#
#..###...#.# * , ><.#
##.(######.#* * .###
##...####o####... ##
###oo(.)..(...#** #### *
######.###### ##(# #. ####o######
...##... ##@#.......## .........,
#.oo§.......# (...###.#**
#..........## (.###...##
#..........# .###.....##
##.....##..##### .# .......#
##.....#....#.# ## *.....#
#...#.###....# # # #.†.####
#.....# ###..##.#
#####.####.#####))...###.#....##*


You could see 2 orc knights.

Vanquished Creatures
  A stone giant (Orc:2)
  Fannar (D:11)
  3 ice dragons
  2 centaur warriors (D:13)
  An unseen horror (D:10)
  3 orc knights
  4 orc sorcerers
  2 slime creatures (D:13)
  2 ice statues (IceCv)
  Maurice (Orc:2)
  A centaur zombie (D:10)
  A gargoyle (D:13)
  3 rime drakes
  A kobold demonologist (D:10)
  4 trolls
  2 polar bears (Orc:2)
  Grinder (D:4)
  3 hippogriffs
  2 wraiths (D:10)
  A wyvern (D:10)
  9 yaks
  A steam dragon (D:9)
  Menkaure (D:7)
  12 wargs
  An acid dragon (D:11)
  A soldier ant (D:12)
  A water moccasin (D:7)
  21 ice beasts
  28 orc warriors
  4 sky beasts
  6 phantoms
  A black bear (D:7)
  2 wolves (Orc:2)
  14 ogres
  15 centaurs
  A crocodile (D:11)
  A big kobold (D:10)
  A wyvern zombie (D:10)
  10 bullfrogs
  A gnoll sergeant (D:10)
  2 wyvern skeletons
  A water moccasin zombie (D:8)
  A scorpion (D:4)
  4 killer bees
  7 wights (D:11)
  An electric eel (D:12)
  10 howler monkeys
  2 quasits (D:10)
  7 hounds
  A bullfrog zombie (D:5)
  36 orc priests
  3 jellies
  Ijyb (D:3)
  3 bullfrog skeletons
  4 iguanas
  32 orc wizards
  10 worker ants
  2 killer bee zombies
  2 hound zombies
  2 human simulacra (D:13)
  3 hound skeletons
  A howler monkey zombie (D:11)
  A worker ant zombie (D:10)
  10 gnolls
  17 adders
  A river rat (D:5)
  A shadow imp (D:5)
  4 white imps
  2 ufetubi
  An adder zombie (D:10)
  2 adder skeletons
  3 worms
  2 dart slugs (D:1)
  6 leopard geckos
  104 orcs
  6 giant cockroaches
  11 goblins
  13 hobgoblins
  11 jackals
  12 kobolds
  4 quokkas
  A ball python (D:2)
  20 bats
  2 frilled lizards (D:1)
  A jackal skeleton (D:4)
  A leopard gecko zombie (D:5)
  A quokka zombie (D:7)
  9 rats
551 creatures vanquished.

Vanquished Creatures (others)
  A centaur (D:13)
  A bullfrog zombie (D:13)
  A white imp (D:9)
  A goblin (D:2)
  A kobold (D:2)
  A plant (D:9)
6 creatures vanquished.

Grand Total: 557 creatures vanquished

Notes
Turn   | Place    | Note
-------+----------+-------------------------------------------
     0 | D:1      | Irenicus the Deep Dwarf Berserker began the quest for the
                  | Orb.
     0 | D:1      | Reached XP level 1. HP: 20/20 MP: 1/1
   213 | D:1      | Reached XP level 2. HP: 24/27 MP: 2/2
   214 | D:1      | Reached skill level 4 in Axes
   344 | D:1      | Reached ** piety under Trog
   344 | D:1      | Reached XP level 3. HP: 26/33 MP: 3/3
   425 | D:1      | Reached skill level 5 in Axes
   458 | D:2      | Found a radiant altar of Vehumet.
   551 | D:2      | Reached XP level 4. HP: 26/40 MP: 4/4
   680 | D:3      | Reached skill level 6 in Axes
   779 | D:3      | Noticed Ijyb
   788 | D:3      | Killed Ijyb
   788 | D:3      | Reached XP level 5. HP: 39/46 MP: 5/5
   851 | D:3      | Reached *** piety under Trog
  1064 | D:4      | Reached skill level 7 in Axes
  1123 | D:4      | Reached XP level 6. HP: 24/55 MP: 6/6
  1166 | D:4      | HP: 13/55 [scorpion (3)]
  1171 | D:4      | HP: 10/82 [scorpion (2)]
  1175 | D:4      | Reached skill level 3 in Dodging
  1281 | D:3      | Found a bloodstained altar of Trog.
  1299 | D:3      | HP: 13/55 [hobgoblin (2)]
  1322 | D:3      | HP: 11/55 [kobold (1)]
  1369 | D:3      | Reached skill level 3 in Armour
  1439 | D:4      | Noticed Grinder
  1450 | D:4      | Killed Grinder
  1450 | D:4      | Reached skill level 4 in Armour
  1450 | D:4      | Reached XP level 7. HP: 48/61 MP: 7/7
  1480 | D:4      | Reached skill level 8 in Axes
  1486 | D:4      | HP: 22/91 [orc priest/divine providence (10)]
  1491 | D:4      | HP: 11/91 [orc priest/divine providence (11)]
  1583 | D:5      | Entered Level 5 of the Dungeon
  1652 | D:5      | Reached skill level 9 in Axes
  1663 | D:5      | HP: 14/61 [killer bee zombie (2)]
  1699 | D:5      | HP: 12/61 [white imp/puff of frost (2)]
  1728 | D:5      | Reached **** piety under Trog
  1728 | D:5      | Reached XP level 8. HP: 20/68 MP: 8/8
  1756 | D:5      | HP: 5/68 [ice beast (9)]
  1770 | D:5      | Reached skill level 10 in Axes
  2056 | D:5      | Reached skill level 11 in Axes
  2342 | D:6      | HP: 12/68 [ogre/+0 giant spiked club (13)]
  2343 | D:6      | HP: 2/68 [ogre/+0 giant spiked club (10)]
  2383 | D:6      | HP: 19/102 [ice beast (8)]
  2387 | D:6      | Reached skill level 12 in Axes
  2440 | D:6      | Gained mutation: You passively map the area around you.
                  | [Deep Dwarf growth]
  2440 | D:6      | Reached XP level 9. HP: 14/74 MP: 9/9
  2449 | D:6      | HP: 27/111 [white imp/puff of frost (1)]
  2561 | D:6      | Got a transparent chain mail
  2572 | D:6      | Identified the +6 chain mail of Free Expression {Str+7}
                  | (You found it on level 6 of the Dungeon)
  2697 | D:7      | HP: 27/111 [centaur/arrow (6)]
  2710 | D:7      | HP: 15/74 [howler monkey (3)]
  2722 | D:7      | Reached skill level 13 in Axes
  2741 | D:7      | HP: 27/111 [orc wizard/+0 spear (1)]
  2742 | D:7      | HP: 12/111 [orc priest/divine providence (13)]
  2770 | D:7      | Identified the ring "Rutejida" {Ice Dex+4}
  2796 | D:7      | Found a blossoming altar of Fedhas.
  2799 | D:7      | Noticed Menkaure
  2804 | D:7      | Killed Menkaure
  2805 | D:7      | Found a shimmering altar of Xom.
  2918 | D:7      | Found a staircase to the Ecumenical Temple.
  2922 | Temple   | Entered the Ecumenical Temple
  3079 | D:8      | Reached skill level 14 in Axes
  3111 | D:8      | Identified the cursed +1 robe "Pookky" {*Corrode rN+ Regen+
                  | Str+4} (You found it on level 8 of the Dungeon)
  3241 | D:8      | HP: 27/111 [orc warrior/+0 scimitar (9)]
  3245 | D:8      | Reached ***** piety under Trog
  3299 | D:8      | HP: 17/74 [hound (1)]
  3311 | D:8      | Reached XP level 10. HP: 28/81 MP: 10/10
  3324 | D:8      | HP: 18/81 [water moccasin zombie (1)]
  3415 | D:9      | Found a staircase to the Orcish Mines.
  3429 | D:9      | Reached skill level 15 in Axes
  3451 | D:9      | Received a gift from Trog
  3470 | D:9      | HP: 16/81 [orc warrior/+1 vorpal dire flail (14)]
  3471 | D:9      | HP: 5/81 [orc warrior/+1 vorpal dire flail (11)]
  3471 | D:9      | HP: 2/81 [orc warrior/+1 vorpal dire flail (3)]
  3594 | D:9      | Found a staircase to the Lair.
  3635 | D:9      | HP: 26/121 [yak (9)]
  3645 | D:9      | Reached skill level 16 in Axes
  3652 | D:9      | Found a basalt altar of Yredelemnul.
  3844 | D:10     | Entered Level 10 of the Dungeon
  3844 | D:10     | Noticed an orc knight
  3864 | D:10     | Killed an orc knight
  3932 | D:10     | Reached XP level 11. HP: 54/88 MP: 11/11
  3942 | D:10     | Reached skill level 17 in Axes
  3983 | D:10     | Reached skill level 3 in Fighting
  4003 | D:10     | HP: 23/135 [orc warrior/+0 glaive (17)]
  4007 | D:10     | Reached skill level 5 in Armour
  4086 | D:10     | HP: 19/91 [orc warrior/+0 halberd (13)]
  4094 | D:10     | HP: 21/91 [ogre/+0 giant spiked club (6)]
  4100 | D:10     | Reached skill level 4 in Fighting
  4131 | D:10     | HP: 21/92 [phantom (4)]
  4136 | D:10     | Reached skill level 6 in Armour
  4142 | D:10     | HP: 16/92 [phantom (5)]
  4353 | D:10     | Received a gift from Trog
  4453 | D:10     | Gained mutation: Armour fits poorly on your strangely
                  | shaped body. [potion of mutation]
  4453 | D:10     | Gained mutation: You have large cloven feet. [potion of
                  | mutation]
  4463 | D:10     | Noticed an orc knight
  4472 | D:10     | Reached skill level 5 in Fighting
  4477 | D:10     | Killed an unseen horror
  4477 | D:10     | Reached skill level 7 in Armour
  4496 | D:10     | Killed an orc knight
  4659 | D:11     | Found a portal to a secret trove of treasure.
  4852 | D:12     | Received a gift from Trog
  4926 | D:11     | Reached skill level 6 in Fighting
  5146 | D:11     | Noticed Fannar
  5157 | D:11     | Killed Fannar
  5157 | D:11     | Reached skill level 8 in Armour
  5226 | D:11     | You fall into a shaft and drop 2 floors!
  5250 | D:13     | Noticed a centaur warrior
  5266 | D:13     | Killed a centaur warrior
  5266 | D:13     | Reached XP level 12. HP: 33/106 MP: 12/12
  5328 | D:13     | Noticed a centaur warrior
  5337 | D:13     | Killed a centaur warrior
  5514 | D:12     | HP: 24/106 [cyclops/large rock (19)]
  5632 | D:13     | Reached skill level 7 in Fighting
  5638 | D:13     | Reached skill level 9 in Armour
  5865 | D:9      | Found a shadowy altar of Dithmenos.
  5896 | D:9      | Received a gift from Trog
  5979 | Orc:1    | Entered Level 1 of the Orcish Mines
  5996 | Orc:1    | Found Xuta's Distillery.
  6018 | Orc:1    | Bought a potion of heal wounds for 65 gold pieces
  6018 | Orc:1    | Bought a potion of curing for 39 gold pieces
  6018 | Orc:1    | Bought a potion of resistance for 130 gold pieces
  6018 | Orc:1    | Bought a potion of heal wounds for 65 gold pieces
  6018 | Orc:1    | Bought a potion of lignification for 39 gold pieces
  6045 | Orc:1    | Found a roughly hewn altar of Beogh.
  6117 | Orc:1    | Found Ruliofea's Antique Armour Shop.
  6120 | Orc:1    | Bought a warped plate armour for 532 gold pieces
  6120 | Orc:1    | Identified the +12 plate armour of Resonance {Rampage
                  | Stlth+} (You bought it in a shop on level 1 of the Orcish
                  | Mines)
  6254 | Orc:1    | Found Xirhuke's General Store.
  6300 | Orc:2    | Entered Level 2 of the Orcish Mines
  6356 | Orc:2    | Noticed Maurice
  6376 | Orc:2    | Killed Maurice
  6376 | Orc:2    | Reached skill level 18 in Axes
  6388 | Orc:2    | Found a frozen archway.
  6389 | Orc:2    | Noticed an ice dragon
  6404 | Orc:2    | Reached skill level 10 in Armour
  6410 | Orc:2    | Killed an ice dragon
  6441 | IceCv    | Entered an ice cave
  6493 | IceCv    | Reached skill level 11 in Armour
  6551 | IceCv    | Noticed an ice dragon
  6551 | IceCv    | Noticed an ice dragon
  6563 | IceCv    | Killed an ice dragon
  6565 | IceCv    | Killed an ice dragon
  6715 | IceCv    | Reached XP level 13. HP: 59/115 MP: 4/13
  6804 | Orc:2    | Found a staircase to the Elven Halls.
  6806 | Orc:2    | Received a gift from Trog
  6892 | Orc:2    | Noticed a stone giant
  6905 | Orc:2    | Killed a stone giant
  6945 | Orc:2    | Found a roughly hewn altar of Beogh.
  6988 | Orc:2    | Reached skill level 12 in Armour
  7244 | Orc:2    | Found Epauvipp's Armour Shoppe.
  7279 | Orc:2    | HP: 17/115 [orc knight/+0 great mace (30)]
  7303 | Orc:2    | HP: 24/115 [orc knight/+2 battleaxe (14)]
  7307 | Orc:2    | Slain by an orc knight

Illustrated notes

Levels and vault maps discovered:
D:1:      dpeg_arrival_simpleton_b, layout_loops_ring
D:2:      minmay_angry_zag, layout_loops_ring, fiery_altar_vehumet,
          minmay_misc_feat_tiny, uniq_sigmund
D:3:      cheibrodos_greedy_goblins, layout_loops_ring, trog_hazing_becter,
          uniq_ijyb
D:4:      layout_basic, lemuel_doored_altar, uniq_pikel, uniq_grinder
D:5:      layout_loops_ring, gup_sewer_entry_spiral, chequers_mini_garden
D:6:      layout_gridville, kennysheep_nondescript
D:7:      layout_rooms, grunt_temple_overflow_open, temple_hall_moat,
          uniq_crazy_yiuf_cottage, uniq_menkaure
D:8:      layout_loops_corners
D:9:      layout_layer_cave, nicolae_dithmenos_the_darkroom,
          erik_lair_orcish_takeover, erik_orc_4, david_defended_altar_elf
D:10:     minmay_imperfect_grid, layout_rooms, special_room [special_room_orc],
          evilmike_minifort
D:11:     layout_stronghold, trove_entry_hex_spiral, grunt_ministairs_5,
          minmay_orc_keep, uniq_fannar
D:12:     layout_long_grid, fountainhead
D:13:     layout_roguey, bh_circular_ruins
Temple:   bh_familiar_temple
Orc:1:    layout_diamond_mine, serial_shops, nicolae_shop_trees,
          nicolae_shop_crystal, nicolae_shop_stone, mines1_david
Orc:2:    st_orc_elflike, layout_diamond_mine,
          portal_ice_cave_entry_animals_and_master, roderic_batcave,
          nicolae_orc_lost_temple, uniq_maurice

Skill      XL: |  1  2  3  4  5  6  7  8  9 10 11 12 13 |
---------------+----------------------------------------+-----
Axes           | 4 5 6 7 9 12 14 16 17 18 | 18.6
Dodging        | 3 |  3.2
Armour         | 4 8 11 12 | 12.4
Fighting       | 6 7 |  7.4

Action                   |  1- 3 |  4- 6 |  7- 9 | 10-12 | 13-15 || total
-------------------------+-------+-------+-------+-------+-------++-------
Melee: Hand axe          |   130 |   200 |   127 |       |       ||   457
       War axe           |       |       |   205 |   618 |       ||   823
       Battleaxe         |       |       |       |    91 |   156 ||   247
       Kick              |       |       |       |   182 |    60 ||   242
Invok: Berserk           |     3 |     9 |    16 |    17 |     4 ||    49
       Trog's Hand       |       |     1 |     7 |    17 |     6 ||    31
Evoke: Wand              |       |       |       |       |     2 ||     2
  Use: Scroll            |       |     4 |     7 |    10 |       ||    21
       Potion            |       |     1 |     2 |     4 |     2 ||     9
 Stab: Invisible         |       |       |       |       |     3 ||     3
Armor: Ring mail         |    61 |    24 |       |       |       ||    85
       Plate armour      |       |    75 |   113 |    86 |    87 ||   361
       Skin              |       |       |    49 |       |       ||    49
       Chain mail        |       |       |    86 |   292 |       ||   378
Dodge: Dodged            |   108 |    85 |   138 |   275 |    65 ||   671
       Repelled          |       |       |       |     7 |     1 ||     8

Table legend: (Time is in decaauts)
 A = Elapsed time spent in this place.
 B = Non-inter-level travel time spent in this place.
 C = Inter-level travel time spent in this place.
 D = Time resting spent in this place.
 E = Time spent auto-exploring this place.
 F = Levels seen in this place.
 G = Mean time per level.
                   A        B        C        D        E       F      G
               +--------+--------+--------+--------+--------+-----+--------+
         Total |   7516 |   7463 |     53 |     38 |      0 |  17 |  442.1 |
       Dungeon |   6193 |   6155 |     38 |     11 |      0 |  13 |  476.4 |
        Temple |      8 |      8 |      0 |      0 |      0 |   1 |    8.0 |
  Orcish Mines |    998 |    983 |     15 |     27 |      0 |   2 |  499.0 |
      Ice Cave |    315 |    315 |      0 |      0 |      0 |   1 |  315.0 |
               +--------+--------+--------+--------+--------+-----+--------+

Top non-repeatable levels by time:
    D:10: 683 daAuts
     D:5: 679 daAuts
     D:9: 597 daAuts
    D:11: 566 daAuts
     D:3: 562 daAuts
   Orc:2: 524 daAuts
     D:6: 483 daAuts
     D:1: 477 daAuts
   Orc:1: 474 daAuts
    D:13: 453 daAuts
     D:8: 443 daAuts
     D:4: 341 daAuts
     D:2: 323 daAuts
     D:7: 322 daAuts
   IceCv: 315 daAuts

Table legend:
 A = Kills in this place as a percentage of kills in entire the game.
 B = Kills by you in this place as a percentage of kills by you in the entire game.
 C = Kills by friends in this place as a percentage of kills by friends in the entire game.
 D = Other kills in this place as a percentage of other kills in the entire game.
 E = Experience gained in this place as a percentage of experience gained in the entire game.
 F = Experience gained in this place divided by the number of levels of this place that you have seen.
                   A       B       C       D       E      F
               +-------+-------+-------+-------+-------+----------------------
         Total | 100.0 | 100.0 |   N/A | 100.0 | 100.0 | 2641.3
       Dungeon |  76.1 |  76.0 |   N/A | 100.0 |  58.9 | 2033.4
  Orcish Mines |  20.3 |  20.3 |   N/A |   0.0 |  28.9 | 6499.0
      Ice Cave |   3.6 |   3.6 |   N/A |   0.0 |  12.2 | 5470.0
               +-------+-------+-------+-------+-------+----------------------
